[Event "XII Figueira da Foz Open 2018"]
[Site "Figueira da Foz"]
[Date "2018.11.02"]
[Round "7"]
[White "Louzao Brea, Jose Luis"]
[Black "Pipiras, Filipa Fortuna"]
[Result "0-1"]
[ECO "C77"]
[WhiteElo "1835"]
[BlackElo "1853"]
[Annotator "NA RC"]
[PlyCount "100"]
[EventDate "2018.10.30"]
[EventType "swiss"]
[EventCountry "POR"]
[SourceTitle "playchess.com"]
[Source "ChessBase"]
[SourceQuality "1"]
[TimeControl "40/5400+30:1800+30"]

1. e4 e5 2. Nf3 Nc6 3. Bb5 a6 4. Ba4 Nf6 5. d3 d6 6. h3 Be7 7. O-O {[%emt 0:01:00] C77: Ruy Lopez: 3...a6 4 Ba4 Nf6, unusual lines} O-O 8. c3 Re8 9. Be3 Bf8 10. Nbd2 h6 11. Re1 d5 $146 ({Predecessor:} 11... b5 12. Bb3 Na5 13. Bc2 c5 14. d4 Qc7 15. d5 Bd7 {0-1 (74) Bartel,M (2622)-Fressinet,L (2702) Berlin 2015}) 12. exd5 Nxd5 13. Nf1 b5 14. Bb3 Na5 15. Bc2 f5 (15... c5 $11) 16. Bd2 Nc6 17. a4 Rb8 18. axb5 axb5 19. Bb3 Kh8 20. Ng3 Nf6 21. Bf7 Re7 22. Bg6 Qxd3 23. Re3 Qd5 24. Bxf5 e4 25. Nh4 Bxf5 $1 26. Nhxf5 Rd7 27. Re2 Bc5 28. Qe1 Ne5 29. Be3 Nd3 30. Qb1 b4 31. Bxc5 Qxc5 32. Qc2 Rbd8 (32... Nf4 $15 33. Re3 N4d5) 33. cxb4 Qxb4 34. Ra4 Qb5 35. Qc4 Qe5 36. Qc3 Qf4 37. Ne3 {[%emt 0:04:12] [#]} Nxf2 $1 38. Rxf2 (38. Nef1 $1 $11 {keeps the balance.} Nd1 39. Qc6) 38... Qxg3 39. Rxf6 gxf6 40. Qxf6+ Qg7 41. Qxg7+ Rxg7 42. Rxe4 Rd2 43. b4 Re2 44. Kf1 Rgxg2 ({Better is} 44... Rb2 $17 45. Rc4 Kg8) 45. Re8+ Kh7 (45... Kg7 $5 46. Nf5+ $8 Kg6 47. Rxe2 Rxe2 48. Kxe2 Kxf5 $11) 46. Re7+ $2 (46. Rf8 $1 $11 {und Weiss steht sicher.} Rxe3 47. Kxg2) 46... Kg8 47. Nd5 $2 (47. Rxc7 Rgf2+ 48. Kg1) 47... Ref2+ 48. Ke1 Rb2 (48... Rc2 $142 49. Kf1 Rgd2 50. Nxc7 Rd1+ 51. Re1 Rxe1+ 52. Kxe1 Rxc7) 49. Kf1 Rgf2+ 50. Ke1 $19 (50. Kg1 $142 Rfd2 51. Nf6+ Kf8 52. Re1) 50... Rh2 0-1

[Event "XII Figueira da Foz Open 2018"]
[Site "Figueira da Foz"]
[Date "2018.11.02"]
[Round "7"]
[White "Marques, Joao Paulo C Veloso"]
[Black "Dionizio, Andre Filipe Nascim"]
[Result "1/2-1/2"]
[ECO "A14"]
[WhiteElo "1807"]
[BlackElo "2013"]
[Annotator "NA RC"]
[PlyCount "104"]
[EventDate "2018.10.30"]
[EventType "swiss"]
[EventCountry "POR"]
[SourceTitle "playchess.com"]
[Source "ChessBase"]
[SourceQuality "1"]
[TimeControl "40/5400+30:1800+30"]

1. c4 Nf6 2. Nf3 e6 3. g3 d5 4. Bg2 Be7 5. O-O O-O 6. Qc2 c5 7. d3 {[%emt 0:01:08] A14: English Opening: 1...e6 with b3 by White} (7. d4 Na6 8. dxc5 Nxc5 9. Rd1 Bd7 10. Ne5 Rc8 11. Nc3 dxc4 12. Nxc4 Qe8 13. Bf4 b5 14. Nd6 Bxd6 15. Bxd6 {1-0 (54) Svidler,P (2765)-Bacrot,E (2725) Riadh 2017}) 7... b6 8. e3 Bb7 9. Nc3 Nc6 10. b3 a6 11. a3 Qc7 12. Bb2 Rfd8 13. Rfd1 $146 ({Predecessor:} 13. Rad1 Rac8 14. Rd2 d4 15. Nd1 e5 {1-0 (32) Kreuzer,G (2178)-Staeblein,C (2129) Bayern 2007}) 13... Rac8 14. Rac1 (14. cxd5 $11 exd5 15. Ne2) 14... h6 (14... d4 $15 15. Ne4 Nxe4 16. dxe4 Bf6) 15. Qe2 Qb8 (15... d4 $11 16. Ne4 Nxe4 17. dxe4 e5) 16. Qc2 ({White should try} 16. cxd5 $14 exd5 17. Na4) 16... Ba8 17. Rb1 b5 18. Ne2 e5 19. cxd5 Nxd5 20. Nc3 {[%emt 0:01:07] [#]} Nc7 (20... Nd4 $1 $17 21. Nxd5 (21. exd4 cxd4) 21... Nxc2 22. Nxe7+ Kf8 23. Bxe5 Rc7) 21. Ne4 Ne6 22. Qe2 f5 23. Ned2 Qd6 24. Nf1 Bf6 25. Ne1 Qe7 26. Ba1 Bb7 27. Bb2 Rd6 28. Rdc1 Rcd8 29. Ba1 b4 30. a4 a5 31. Qh5 {[#]} (31. h4 $11 {remains equal.}) 31... Bc8 $2 (31... g6 $1 $17 32. Qxh6 (32. Qxg6+ $2 Ng7 $19) 32... Qe8) 32. Nd2 f4 33. Nc4 fxe3 34. fxe3 ({Inferior is} 34. Nxd6 exf2+ 35. Kxf2 Qxd6 $15) 34... Bg5 (34... Qc7 $16 {is a better defense.}) 35. Rd1 (35. h4 $18 Bf6 36. Be4) 35... Nc7 (35... Ba6 $14) 36. h4 Bf6 37. Nxd6 Qxd6 38. Qf3 Ne7 $11 39. Rbc1 Be6 40. Rb1 Qd7 41. Qe2 Nf5 (41... Ncd5 $142) 42. Qf2 Qf7 43. Rdc1 Na6 44. Bh3 g6 (44... Nd6 $16 {might work better.} 45. Bxe6 Qxe6) 45. e4 Ng7 46. Bxe6 Qxe6 47. Rd1 Qe7 (47... Nh5 $142 48. Qg2 Qd6) 48. Ng2 Ne6 49. Ne3 Nec7 50. Ng4 Bg7 51. Qc2 Kh7 52. Rf1 $18 Rd7 1/2-1/2

[Event "XII Figueira da Foz Open 2018"]
[Site "Figueira da Foz"]
[Date "2018.11.02"]
[Round "7"]
[White "Asvestopoulou, Evdokia"]
[Black "Dong, Fabio"]
[Result "1-0"]
[ECO "E21"]
[WhiteElo "1720"]
[BlackElo "1273"]
[Annotator "NA RC"]
[PlyCount "55"]
[EventDate "2018.10.30"]
[EventType "swiss"]
[EventCountry "POR"]
[SourceTitle "playchess.com"]
[Source "ChessBase"]
[SourceQuality "1"]
[TimeControl "40/5400+30:1800+30"]

1. d4 Nf6 2. c4 e6 3. Nf3 b6 4. Nc3 Bb4 5. e3 O-O 6. Bd3 Bb7 7. O-O c5 8. Qc2 h6 9. Ne2 cxd4 10. exd4 Bxf3 11. gxf3 Nc6 12. Kh1 Ne8 13. Rg1 Qf6 14. Rg2 Kh8 15. a3 Bd6 16. b4 Nxd4 17. Nxd4 Qxd4 18. Bb2 Qf4 19. Rag1 Nf6 20. Re1 Qxf3 21. Be4 Nxe4 22. Bxg7+ Kh7 23. Rxe4 f5 24. Qd2 Rf6 25. Re3 Qf4 26. Bxf6 Rg8 27. Rd3 Qe4 28. f3 1-0

[Event "XII Figueira da Foz Open 2018"]
[Site "Figueira da Foz"]
[Date "2018.11.02"]
[Round "7"]
[White "Dias, Jose Oliveira Gaspa"]
[Black "Moes Joaquim, Carlos"]
[Result "1-0"]
[ECO "A06"]
[WhiteElo "1605"]
[BlackElo "1415"]
[Annotator "NA RC"]
[PlyCount "131"]
[EventDate "2018.10.30"]
[EventType "swiss"]
[EventCountry "POR"]
[SourceTitle "playchess.com"]
[Source "ChessBase"]
[SourceQuality "1"]
[TimeControl "40/5400+30:1800+30"]

1. Nf3 d5 2. g3 Nf6 3. Bg2 Bg4 4. d3 e6 5. O-O Bd6 6. Nbd2 Nbd7 7. c4 c6 8. b3 O-O 9. Bb2 c5 10. Re1 Re8 11. e4 d4 12. h3 Bh5 13. Nf1 Ne5 14. N1h2 h6 15. Qd2 Nxf3+ 16. Nxf3 Bc7 17. a3 Rb8 18. b4 b6 19. g4 Bg6 20. Bc1 Qe7 21. b5 Rbd8 22. Kf1 Bb8 23. Ng1 e5 24. Ne2 h5 25. f3 Qd7 26. g5 Nh7 27. h4 Bd6 28. Ng1 Nf8 29. Bh3 Ne6 30. Qh2 Rf8 31. Ra2 Qe7 32. Ne2 f6 33. Bxe6+ Qxe6 34. gxf6 Qxf6 35. Ng1 Rd7 36. Rf2 Be8 37. Qh3 g6 38. Ke2 Rh7 39. Bg5 Qf7 40. Ref1 a6 41. a4 axb5 42. axb5 Bxb5 43. cxb5 Qa2+ 44. Bd2 Rhf7 45. Rc1 Kh7 46. Qg3 Ra7 47. Qg5 Rf4 48. Rg2 Qe6 49. Bxf4 exf4 50. Kf1 Be7 51. Qxf4 Ra5 52. Rb2 Bf6 53. Qg3 Qe7 54. Ne2 Bxh4 55. Qh3 Bg5 56. f4 Bh6 57. Rcb1 c4 58. f5 Ra3 59. fxg6+ Kg7 60. Nxd4 Qf6+ 61. Nf5+ Kxg6 62. Rg2+ Kh7 63. Qxh5 Rxd3 64. Qxh6+ Qxh6 65. Nxh6 Kxh6 66. Ke2 1-0

[Event "XII Figueira da Foz Open 2018"]
[Site "Figueira da Foz"]
[Date "2018.11.02"]
[Round "7"]
[White "Gama, Joao Goncalo Cereje"]
[Black "Fonseca, Rene Gil Bakker"]
[Result "1-0"]
[ECO "C01"]
[WhiteElo "1598"]
[BlackElo "1378"]
[Annotator "NA RC"]
[PlyCount "53"]
[EventDate "2018.10.30"]
[EventType "swiss"]
[EventCountry "POR"]
[SourceTitle "playchess.com"]
[Source "ChessBase"]
[SourceQuality "1"]
[TimeControl "40/5400+30:1800+30"]

1. e4 e6 2. d4 d5 3. exd5 exd5 4. Nf3 Bd6 5. Bd3 Ne7 6. O-O O-O 7. h3 Bf5 8. Bg5 f6 9. Bh4 Qd7 10. Bg3 Na6 11. Bxd6 Qxd6 12. c3 c6 13. Bxa6 bxa6 14. Qa4 Bd3 15. Re1 Rfe8 16. Nbd2 Bb5 17. Qc2 c5 18. dxc5 Qxc5 19. Nb3 Qc7 20. Nbd4 Bd7 21. Rad1 Ng6 22. Nf5 Rxe1+ 23. Rxe1 Qf4 24. N3d4 Kf7 25. Qb3 Nf8 26. Re7+ Kg6 27. Rxg7+ 1-0

[Event "XII Figueira da Foz Open 2018"]
[Site "Figueira da Foz"]
[Date "2018.11.02"]
[Round "7"]
[White "Goncalves, Lucas Jordao"]
[Black "Correia, Pedro Mourao Soares"]
[Result "1-0"]
[ECO "B13"]
[WhiteElo "1401"]
[BlackElo "1518"]
[Annotator "NA RC"]
[PlyCount "63"]
[EventDate "2018.10.30"]
[EventType "swiss"]
[EventCountry "POR"]
[SourceTitle "playchess.com"]
[Source "ChessBase"]
[SourceQuality "1"]
[TimeControl "40/5400+30:1800+30"]

1. e4 c6 2. d4 d5 3. exd5 cxd5 4. Bd3 Nf6 5. Nf3 Bg4 6. Bf4 Nbd7 7. h3 Bh5 8. Nbd2 e6 9. c3 Qb6 10. Qc2 Bd6 11. Bxd6 Qxd6 12. O-O O-O 13. Rac1 Rfe8 14. Rfe1 Qf4 15. g3 Qh6 16. Kg2 g5 17. Ne5 Qg7 18. Ndf3 g4 19. hxg4 Nxe5 20. Nxe5 Nxg4 21. Nxg4 Bxg4 22. Rh1 Qf6 23. Bxh7+ Kf8 24. Qd3 Rac8 25. f3 Bf5 26. Bxf5 exf5 27. Rce1 Re6 28. Rxe6 fxe6 29. Qe3 Rc6 30. Rh6 Qf7 31. Qg5 Ke8 32. Rh8+ 1-0

[Event "XII Figueira da Foz Open 2018"]
[Site "Figueira da Foz"]
[Date "2018.11.03"]
[Round "7"]
[White "Ferreira, Cristina"]
[Black "Dong, Rafael"]
[Result "0-1"]
[ECO "E00"]
[WhiteElo "1069"]
[BlackElo "1360"]
[Annotator "NA RC"]
[PlyCount "58"]
[EventDate "2018.10.30"]
[EventType "swiss"]
[EventCountry "POR"]
[SourceTitle "playchess.com"]
[Source "ChessBase"]
[SourceQuality "1"]
[TimeControl "40/5400+30:1800+30"]

1. d4 Nf6 2. c4 e6 3. Bd2 b6 4. Nf3 Bb7 5. e3 Be7 6. Be2 O-O 7. a3 c5 8. Qc2 Nc6 9. O-O Qc7 10. Nc3 d5 11. e4 cxd4 12. Nb5 Qc8 13. e5 Nd7 14. Bd3 h6 15. Bh7+ Kh8 16. Bxh6 gxh6 17. Qd2 Kxh7 18. Qd3+ Kg7 19. Qd2 a6 20. Nd6 Bxd6 21. Nh4 Ndxe5 22. Qe2 Qd8 23. Qh5 Qg5 24. f4 Qxh5 25. g3 Ng6 26. Rf2 Nxh4 27. Raf1 Nf5 28. Rg2 Ne3 29. Rff2 Qd1+ 0-1

[Event "XII Figueira da Foz Open 2018"]
[Site "Figueira da Foz"]
[Date "2018.11.03"]
[Round "8"]
[White "Dionizio, Andre Filipe Nascim"]
[Black "Fernandes, Joao Pedro Murtinho"]
[Result "1/2-1/2"]
[ECO "A05"]
[WhiteElo "2013"]
[BlackElo "2067"]
[Annotator "NA RC"]
[PlyCount "117"]
[EventDate "2018.10.30"]
[EventType "swiss"]
[EventCountry "POR"]
[SourceTitle "playchess.com"]
[Source "ChessBase"]
[SourceQuality "1"]
[TimeControl "40/5400+30:1800+30"]

1. Nf3 Nf6 2. b3 c5 3. Bb2 e6 4. e3 b6 {[%emt 0:01:14] A05: Réti Opening: 1 Nf3 Nf6} 5. Be2 Bb7 6. O-O Be7 7. d4 O-O 8. Nbd2 (8. c4 cxd4 9. Nxd4 a6 10. Nc3 d6 11. Bf3 Qc7 12. Rc1 Nbd7 13. Qe2 Rac8 14. Rfd1 Rfd8 15. h3 Bf8 16. g4 Ne5 17. Bxb7 Qxb7 18. f4 Nc6 19. g5 Ne8 20. Qg2 Rd7 21. Nxc6 Qxc6 {½-½ (63) Salgado Lopez,I (2644)-Leko,P (2691) Riadh 2017}) 8... d6 9. c4 Nbd7 10. Qc2 Qc7 11. Rac1 Rac8 12. Rfd1 a6 13. Qb1 Rfd8 $146 ({Predecessor:} 13... Qb8 14. Bd3 Rfd8 15. dxc5 bxc5 16. Ng5 {1-0 (43) Vakhania,A (2136)-Kamadadze,Z (2262) Batumi 2001}) 14. e4 cxd4 15. Bxd4 e5 16. Be3 Nc5 17. Bd3 Ng4 18. Bg5 Bxg5 19. Nxg5 Qe7 20. Ngf3 Ne6 21. h3 Nf6 22. g3 Rc7 23. Nf1 Nc5 24. N3d2 Qe6 25. h4 Qh3 26. Ne3 Ng4 27. Ndf1 $2 {[%emt 0:03:25] [#]} (27. Nxg4 $11 {and White is okay.} Qxg4 28. Re1) 27... g5 $2 ({Black should play} 27... f5 $1 $19 28. Nxg4 (28. Nxf5 Rf8) 28... Nxd3 29. Rxd3 Bxe4) 28. hxg5 Ne6 {[%emt 0:01:23] [#]} (28... f5 $1 $15 29. gxf6 (29. Nxf5 $2 Rf8 $19) 29... Rf7) 29. Be2 $1 Nxe3 30. Nxe3 Nxg5 31. Bg4 Qh6 32. Nf5 (32. Nd5 $16) 32... Qg6 $1 33. Re1 h5 34. Nh4 (34. Bd1 $1 $11 {was the only way to keep the balance.}) 34... Qf6 $2 ({Black should try} 34... Bxe4 $17 35. Qb2 Qh6) 35. Bf5 Bc8 36. Kg2 Ne6 37. Nf3 Ng5 38. Nh4 (38. Nxg5 $16 Bxf5 39. exf5 Qxg5 40. Rcd1) 38... Ne6 39. Qd3 Qxh4 40. Bxe6 $1 ({Wrong is} 40. Bh7+ $2 Kxh7 41. Rh1 Qg5 $19) 40... Qg5 41. Bxc8 Rcxc8 42. Rh1 Kg7 43. Rcd1 Rd7 44. Qf3 Kg6 45. Rh4 f6 (45... f5 {keeps fighting.} 46. exf5+ Qxf5 47. Qxf5+ Kxf5 48. Rxh5+ Kf6) 46. Rdh1 Rh7 47. Qd1 Rd8 48. g4 Rdh8 49. R1h3 $2 ({Better is} 49. Qxd6 $18 hxg4 50. Rxh7 Rxh7 51. Rxh7 (51. Qxb6 Rxh1 52. Kxh1 Qh4+ 53. Kg1 g3 $11) 51... Kxh7 52. Qxb6) 49... hxg4 50. Rxg4 Rxh3 51. Rxg5+ Kxg5 52. Qxd6 Rh2+ 53. Kf3 R2h3+ 54. Ke2 R8h4 55. Qxb6 Rxe4+ 56. Kf1 Rh1+ 57. Kg2 Ree1 58. f3 Rc1 59. Qe3+ $11 1/2-1/2

[Event "XII Figueira da Foz Open 2018"]
[Site "Figueira da Foz"]
[Date "2018.11.03"]
[Round "8"]
[White "Sismeiro, Miguel"]
[Black "Marques, Joao Paulo C Veloso"]
[Result "1-0"]
[ECO "C16"]
[WhiteElo "2008"]
[BlackElo "1807"]
[Annotator "NA RC"]
[PlyCount "58"]
[EventDate "2018.10.30"]
[EventType "swiss"]
[EventCountry "POR"]
[SourceTitle "playchess.com"]
[Source "ChessBase"]
[SourceQuality "1"]
[TimeControl "40/5400+30:1800+30"]

1. e4 e6 2. d4 d5 3. Nc3 Bb4 4. e5 b6 5. Qg4 Bf8 6. Bg5 Qd7 7. O-O-O Ba6 {[%emt 0:01:23] C16: French: 3 Nc3 Bb4 4 e5: Lines without ...c5} (7... Ne7 8. Bxe7 h5 9. Qh3 Bxe7 10. f4 Ba6 11. Nf3 Bxf1 12. Rhxf1 Nc6 13. Ng5 Bxg5 14. fxg5 O-O-O 15. Rf4 {1-0 (52) Yu,Y (2721)-Lenderman,A (2623) Las Vegas 2015}) 8. Bxa6 Nxa6 {[%emt 0:00:14] LiveBook: 4 Games} 9. Qe2 Nb8 10. f4 Ne7 11. g4 $146 ({Predecessor:} 11. Nf3 Nbc6 12. g4 O-O-O 13. Rhf1 Kb7 14. f5 h6 15. Bh4 {0-1 (39) Kicmer,P (2248)-Dawidow,J (2337) Czechia 2007}) 11... Nbc6 12. Qa6 Qc8 (12... h5 $11) 13. Qxc8+ Rxc8 14. Nge2 h6 15. Bh4 Ng6 16. Bg3 Nge7 17. Rhf1 g6 18. h3 a6 19. Bh2 Kd7 20. Ng3 Bg7 ({Black should try} 20... h5 $15 21. g5 h4) 21. f5 gxf5 22. gxf5 exf5 23. Nxf5 Nxf5 24. Rxf5 Ke6 25. Rf3 Rcf8 {[%emt 0:01:33] [#]} (25... h5 $16 {was worth a try.} 26. Ne2 Bh6+ 27. Kb1 Rh7) 26. Ne2 $1 Ne7 27. Rdf1 c6 $2 (27... h5 $16 {is a better chance.} 28. Kb1 h4) 28. Nf4+ Kd7 29. Nh5 $1 Ke8 $18 (29... Rh7 $142 30. Rxf7 Rxf7 31. Rxf7 Bxe5) 1-0

[Event "XII Figueira da Foz Open 2018"]
[Site "Figueira da Foz"]
[Date "2018.11.03"]
[Round "8"]
[White "Adams, Philip"]
[Black "Dias, Ricardo Pedro Cruz"]
[Result "0-1"]
[ECO "A16"]
[WhiteElo "1980"]
[BlackElo "2098"]
[Annotator "NA RC"]
[PlyCount "80"]
[EventDate "2018.10.30"]
[EventType "swiss"]
[EventCountry "POR"]
[SourceTitle "playchess.com"]
[Source "ChessBase"]
[SourceQuality "1"]
[TimeControl "40/5400+30:1800+30"]

1. c4 Nf6 2. g3 g6 3. Bg2 d5 4. cxd5 Nxd5 5. Nc3 Nb6 6. d3 Bg7 7. Be3 Nc6 8. h4 h6 9. Nf3 Nd4 10. Nxd4 Bxd4 11. Qd2 Bg7 12. Rc1 c6 13. O-O Be6 14. Ne4 Nd5 15. Nc5 Nxe3 16. Nxe6 Nxf1 17. Nxg7+ Kf8 18. Ne6+ fxe6 19. Qf4+ Ke8 20. Kxf1 Qd6 21. Qg4 e5 22. Be4 Rg8 23. h5 g5 24. b4 Qd7 25. Bf5 Qd5 26. Kg1 Rf8 27. Rc4 a5 28. Be4 Qd7 29. Bg6+ Kd8 30. Qe4 Qd5 31. Qe3 axb4 32. Qb6+ Kc8 33. Rxb4 Qd7 34. a4 Ra6 35. Qe3 Qd6 36. Re4 Ra5 37. Qb6 Qc5 38. Qxc5 Rxc5 39. f3 Rd8 40. g4 Rd4 0-1

[Event "XII Figueira da Foz Open 2018"]
[Site "Figueira da Foz"]
[Date "2018.11.03"]
[Round "8"]
[White "Pipiras, Filipa Fortuna"]
[Black "Lisowski, Krzysztof"]
[Result "0-1"]
[ECO "E10"]
[WhiteElo "1853"]
[BlackElo "2095"]
[Annotator "NA RC"]
[PlyCount "72"]
[EventDate "2018.10.30"]
[EventType "swiss"]
[EventCountry "POR"]
[SourceTitle "playchess.com"]
[Source "ChessBase"]
[SourceQuality "1"]
[TimeControl "40/5400+30:1800+30"]

1. d4 Nf6 2. c4 e6 3. Nf3 d5 4. cxd5 exd5 {[%emt 0:00:00] LiveBook: 876 Games} 5. Nc3 c6 6. Bg5 Be7 7. e3 Bf5 8. Bd3 Bxd3 9. Qxd3 Nbd7 10. O-O O-O 11. Rab1 Nb6 12. b4 a6 13. a4 Ne4 14. Bxe7 Qxe7 15. Ra1 Nxc3 16. Qxc3 Nc4 17. Ne1 Rfe8 18. Nd3 Nd6 19. Qc5 Rad8 20. Qc2 Qh4 21. Nf4 g5 22. Nd3 Re6 23. g3 Qh3 24. Rae1 Rde8 25. Nc5 R6e7 26. f4 (26. Qd1 $11 {hält das Gleichgewicht.}) 26... Nf5 ({Bitte nicht} 26... Rxe3 $6 27. Rxe3 Rxe3 28. fxg5 $15) 27. e4 {[%emt 0:00:57] [#]} b6 ({Resist} 27... Nxd4 28. Qf2 $15) (27... g4 $1 $17 28. Nd7 Kg7) 28. fxg5 $2 (28. Nd7 $1 $11 {and White is okay.} Kg7 29. Qxc6) 28... Nxd4 (28... bxc5 29. Rxf5 Qxf5 30. exf5 $11) 29. Qf2 bxc5 30. bxc5 Ne6 31. exd5 cxd5 32. Re5 d4 33. Qe2 $19 d3 34. Qf3 Nd4 35. Qf2 Ne2+ 36. Kh1 Nxg3+ 0-1

[Event "XII Figueira da Foz Open 2018"]
[Site "Figueira da Foz"]
[Date "2018.11.03"]
[Round "8"]
[White "Puglia, Francesco"]
[Black "Fernandes, Miguel A. Murtinho"]
[Result "0-1"]
[ECO "A06"]
[WhiteElo "1803"]
[BlackElo "2048"]
[Annotator "NA RC"]
[PlyCount "84"]
[EventDate "2018.10.30"]
[EventType "swiss"]
[EventCountry "POR"]
[SourceTitle "playchess.com"]
[Source "ChessBase"]
[SourceQuality "1"]
[TimeControl "40/5400+30:1800+30"]

1. Nf3 d5 2. g3 Nf6 3. Bg2 e6 4. O-O Be7 5. d3 O-O {LiveBook: 675 Games} 6. Nbd2 c5 7. b3 Nc6 8. Bb2 Qc7 9. e4 {A06: Réti Opening:1 Nf3 d5} (9. Re1 e5 10. e4 d4 11. Nh4 g6 12. Bc1 Bg4 13. Nhf3 b5 14. h3 Bd7 15. Nh2 Qc8 16. h4 h5 {1-0 (69) Gabuzyan,H (2614)-Kotanjian,T (2485) Yerevan 2016}) 9... Rb8 10. exd5 $146 ({Predecessor:} 10. e5 Nd7 11. Qe2 b5 12. Rfe1 a5 13. h4 c4 14. Nf1 a4 15. h5 Bb4 16. c3 {1-0 (35) Sieciechowicz,M (2438)-Pisacane,P (2058) Erice 2014}) 10... exd5 11. Re1 Bg4 12. h3 Bh5 13. g4 Bg6 14. Nh4 Rfe8 15. Nxg6 hxg6 16. Nf3 d4 17. Nd2 Bd6 18. Rxe8+ Rxe8 19. a4 Bh2+ 20. Kh1 Bf4 21. Nc4 g5 22. Bc1 Bxc1 23. Rxc1 Qf4 (23... b6 $17) 24. Qd2 Qxd2 25. Nxd2 Re2 (25... Nb4 $11) 26. Nc4 (26. Bxc6 $1 $16 bxc6 27. Nf3) 26... Rxf2 27. Nd6 Nd8 28. Nxb7 Nxb7 29. Bxb7 Re2 30. Kg1 Kf8 31. Kf1 Re3 32. Bg2 Ke7 33. Re1 $2 (33. Rb1 $15) 33... Rxe1+ 34. Kxe1 Kd6 35. Kd2 Ke5 36. c3 a5 37. cxd4+ Kxd4 38. Bc6 Nd5 39. Bxd5 Kxd5 40. Ke3 g6 41. Ke2 Kd4 42. Kd2 f5 0-1

[Event "XII Figueira da Foz Open 2018"]
[Site "Figueira da Foz"]
[Date "2018.11.03"]
[Round "8"]
[White "Marcal, Armando Paulo Gomes"]
[Black "Felizes, Paulo"]
[Result "0-1"]
[ECO "C44"]
[WhiteElo "1751"]
[BlackElo "1965"]
[Annotator "NA RC"]
[PlyCount "36"]
[EventDate "2018.10.30"]
[EventType "swiss"]
[EventCountry "POR"]
[SourceTitle "playchess.com"]
[Source "ChessBase"]
[SourceQuality "1"]
[TimeControl "40/5400+30:1800+30"]

1. e4 e5 2. Nf3 Nc6 3. d4 exd4 4. Nxd4 Nf6 5. Nxc6 bxc6 6. Bd3 d5 7. e5 Ng4 8. Qe2 Bc5 9. O-O Qh4 10. Bf4 Nxf2 $1 11. Rxf2 Qxf4 $1 12. Nd2 Qxf2+ 13. Qxf2 Bxf2+ 14. Kxf2 O-O 15. Nb3 f6 16. exf6 Rxf6+ 17. Kg3 Bf5 18. Ba6 $2 (18. Bxf5 Rxf5 19. Re1) 18... Raf8 $19 0-1

[Event "XII Figueira da Foz Open 2018"]
[Site "Figueira da Foz"]
[Date "2018.11.03"]
[Round "8"]
[White "Gama, Joao Goncalo Cereje"]
[Black "Lopez de Turiso, Jose Angel"]
[Result "1/2-1/2"]
[ECO "B30"]
[WhiteElo "1598"]
[BlackElo "1933"]
[Annotator "NA RC"]
[PlyCount "61"]
[EventDate "2018.10.30"]
[EventType "swiss"]
[EventCountry "POR"]
[SourceTitle "playchess.com"]
[Source "ChessBase"]
[SourceQuality "1"]
[TimeControl "40/5400+30:1800+30"]

1. e4 c5 2. Nf3 Nc6 3. Bb5 e6 4. O-O Nge7 5. Re1 Nd4 6. Bf1 {[%emt 0:03:49] B30: Sicilian: 2...Nc6 3 Bb5, lines without ...g6} Nxf3+ 7. Qxf3 Ng6 8. c3 Be7 9. d4 O-O 10. Be3 $146 ({Predecessor:} 10. Nd2 cxd4 11. cxd4 d5 12. exd5 exd5 13. g3 Bf6 {½-½ (42) Artemiev,V (2696)-Alekseenko,K (2563) Sochi 2017}) 10... d6 11. Nd2 Qc7 12. Rac1 b6 13. Qd1 e5 14. f3 Be6 15. d5 Bd7 16. b4 f5 17. a4 Qd8 ({Black should play} 17... Bh4 $11) 18. b5 Bg5 19. Nc4 ({Lieber} 19. Bxg5 $14 Qxg5 20. Kh1) 19... Bxe3+ 20. Rxe3 Qg5 21. Qd2 Rf6 22. Ree1 f4 23. Ra1 Nh4 24. Kh1 Rg6 25. Qf2 Rf8 26. Reb1 Qh5 ({Black should play} 26... Rh6 $14) 27. a5 Rh6 28. axb6 $16 axb6 29. Nxb6 Nf5 30. h3 Ng3+ 31. Kg1 1/2-1/2

[Event "XII Figueira da Foz Open 2018"]
[Site "Figueira da Foz"]
[Date "2018.11.03"]
[Round "8"]
[White "Bouxo, Luis Antonio Maximi"]
[Black "Louzao Brea, Jose Luis"]
[Result "0-1"]
[ECO "E38"]
[WhiteElo "1585"]
[BlackElo "1835"]
[Annotator "NA RC"]
[PlyCount "57"]
[EventDate "2018.10.30"]
[EventType "swiss"]
[EventCountry "POR"]
[SourceTitle "playchess.com"]
[Source "ChessBase"]
[SourceQuality "1"]
[TimeControl "40/5400+30:1800+30"]

1. d4 e6 2. c4 Nf6 3. Nc3 Bb4 4. Qc2 c5 5. e3 Nc6 6. Nf3 cxd4 7. exd4 b6 {[%emt 0:00:22] E38: Nimzoindisch (4.Dc2)} (7... d5 8. Be3 O-O 9. Bd3 dxc4 10. Bxc4 b6 11. O-O Bb7 12. Rad1 Na5 13. Be2 Rc8 14. a3 Be4 15. Bd3 Bxf3 16. gxf3 Bxc3 17. bxc3 {0-1 (47) Ortin Blanco,A (1992)-Andres Gonzalez,A (2511) Villava 2017}) 8. Bg5 Bb7 9. Rd1 $146 ({Vorgänger:} 9. Bd3 h6 10. Bh4 Be7 11. a3 Nh5 12. Bxe7 Qxe7 13. O-O Nf4 14. Be4 Qf6 15. d5 {½-½ (50) Cea Calero,P-March Espinos,V Spain 1997}) 9... Be7 (9... Bxc3+ $15 10. bxc3 Na5) 10. Be2 Rc8 11. O-O h6 12. Bh4 (12. Bxf6 $5 Bxf6 13. d5 $16) 12... O-O 13. Qd2 d5 14. Bxf6 Bxf6 15. cxd5 exd5 16. Rfe1 Qd7 17. Bb5 Rfd8 18. Re3 Qg4 19. Bxc6 Bxc6 20. Rde1 Qf5 21. Ne2 Bd7 22. Nc3 Qh5 23. Ne2 Qf5 24. Rc3 Rc4 25. Ng3 Qg4 26. h3 Qg6 27. Rxc4 dxc4 28. Ne5 Bxe5 29. dxe5 $11 0-1

[Event "XII Figueira da Foz Open 2018"]
[Site "Figueira da Foz"]
[Date "2018.11.03"]
[Round "8"]
[White "Soares, Sara Joana De Moura"]
[Black "Dias, Jose Oliveira Gaspa"]
[Result "1-0"]
[ECO "B12"]
[WhiteElo "1481"]
[BlackElo "1605"]
[Annotator "NA RC"]
[PlyCount "73"]
[EventDate "2018.10.30"]
[EventType "swiss"]
[EventCountry "POR"]
[SourceTitle "playchess.com"]
[Source "ChessBase"]
[SourceQuality "1"]
[TimeControl "40/5400+30:1800+30"]

1. e4 c6 2. d4 d5 3. e5 Bf5 4. h4 h6 5. g4 Bh7 6. e6 fxe6 7. Nf3 Qd6 8. Bd3 Bxd3 9. Qxd3 Nd7 10. Qg6+ Kd8 11. Qf7 Ngf6 12. g5 hxg5 13. Nxg5 Kc7 14. Nxe6+ Kb6 15. c3 Rh5 16. Bf4 Re5+ 17. Bxe5 Nxe5 18. dxe5 Qxe5+ 19. Kd1 Nd7 20. Nd4 Qe4 21. Qf3 Qh7 22. Qf5 Qxf5 23. Nxf5 g6 24. Nd4 e5 25. Ne6 Bh6 26. a4 a6 27. Nd2 e4 28. a5+ Ka7 29. Kc2 Re8 30. Ng5 Rf8 31. Raf1 Ne5 32. Nb3 Nd3 33. f3 Bxg5 34. hxg5 Rf5 35. fxe4 dxe4 36. Rxf5 gxf5 37. g6 1-0